 Dungeon Crawl Stone Soup version 0.21-a0-225-g207ae17 (webtiles) character file.

363 tof the Twirler (level 6, 0/52 HPs)
             Began as a Minotaur Gladiator on Aug 29, 2017.
             Was a Believer of Ru.
             Succumbed to Duvessa's poison
             ... on level 5 of the Dungeon.
             The game lasted 00:07:49 (3638 turns).

tof the Twirler (Minotaur Gladiator)                Turns: 3638, Time: 00:07:50

Health: 0/52       AC:  9    Str: 20    XL:     6   Next: 39%
Magic:  5/5        EV:  9    Int:  5    God:    Ru [**....]
Gold:   264        SH:  0    Dex: 12    Spells: 5/5 levels left

rFire    . . .     SeeInvis .   a - +0 quarterstaff
rCold    . . .     Gourm    .   (shield currently unavailable)
rNeg     . . .     Faith    .   h - +0 chain mail (curse)
rPois    .         Spirit   .   c - +0 hat
rElec    .         Reflect  .   (no cloak)
rCorr    .         Harm     .   (no gloves)
MR       .....                  (no boots)
Stlth    ..........             (no amulet)
HPRegen  0.17/turn              (no ring)
MPRegen  0.09/turn              (no ring)

@: lethally poisoned (0 -> -49), glowing
A: retaliatory headbutt, horns 2, inexperienced 1
a: Renounce Religion


You were on level 5 of the Dungeon.
You worshipped Ru.
Ru was pleased with you.
You were hungry.

You visited 1 branch of the dungeon, and saw 5 of its levels.

You collected 264 gold pieces.

Inventory:

Hand Weapons
 a - a +0 quarterstaff (weapon)
Missiles
 d - 3 throwing nets
 w - 4 javelins (quivered)
Armour
 b - a +0 leather armour
 c - a +0 hat (worn)
 h - a cursed +0 chain mail (worn)
Jewellery
 s - an uncursed ring of stealth {unknown}
Wands
 p - a wand of enslavement (13/24)
 B - a wand of digging (16/24)
Scrolls
 e - 2 scrolls of remove curse {unknown}
 k - 5 scrolls of identify {unknown}
 m - a scroll of magic mapping {unknown}
 o - a scroll of enchant weapon {unknown}
 q - a scroll of amnesia {unknown}
 t - a scroll of fog {unknown}
 v - a scroll of enchant armour {unknown}
 x - a scroll of teleportation {unknown}
 y - a scroll of recharging {unknown}
 A - a scroll of fear {unknown}
Potions
 i - a potion of berserk rage {unknown}
 j - 3 potions of agility {unknown}
 l - 3 potions of haste {unknown}
 r - a potion of resistance {unknown}
 u - a potion of heal wounds {unknown}
 z - a potion of lignification {unknown}
Comestibles
 f - 5 bread rations
 g - 4 royal jellies
 n - 3 meat rations


   Skills:
 + Level 3.9 Fighting
 * Level 6.3 Staves
 + Level 3.3 Throwing
 * Level 4.4 Armour
 + Level 4.3 Dodging


You had 5 spell levels left.
You didn't know any spells.

Dungeon Overview and Level Annotations

Branches:
Dungeon (5/15)             Temple (0/1) D:4

Altars:
Ashenzari
Makhleb
Nemelex Xobeh
Ru

Annotations:
D:3 2 transporters
D:5 Duvessa


Innate Abilities, Weirdness & Mutations

You reflexively headbutt those who attack you in melee.
You have a pair of horns on your head.
You are somewhat inexperienced. (-2 XL)


Message History

You feel sick.
Duvessa hits you with a short sword of venom.
* * * LOW HITPOINT WARNING * * *
You are more poisoned.
The howler monkey closely misses you. Duvessa hits you but does no damage.
You are more poisoned.
You barely miss Duvessa.
* * * LOW HITPOINT WARNING * * *
You feel very sick. The howler monkey hits you.
* * * LOW HITPOINT WARNING * * *
Duvessa closely misses you.
You hit Duvessa but do no damage.
* * * LOW HITPOINT WARNING * * *
You feel very sick. Duvessa barely misses you. You furiously retaliate!
You headbutt Duvessa.
The howler monkey hits you but does no damage.
Duvessa hits you but does no damage.
You are more poisoned.
You die...

#............
#.............
.............
#............
#.....$......
#............
#.e).......#
#...h.....#
##..@.....##
##.........#
###.........!##
#.......<.....#
..............#
..............#
..............#
########.......#
######..#


You could see Duvessa (berserk) and a howler monkey.

Vanquished Creatures
  A phantom (D:3)
  Dowan (D:5)
  A crimson imp (D:3)
  2 orc wizards
  2 orc priests (D:4)
  A hound (D:4)
  An iguana (D:4)
  A worker ant (D:4)
  6 adders
  2 oozes
  3 worms
  A dart slug (D:3)
  3 leopard geckos
  18 orcs
  7 bats
  3 giant cockroaches
  5 goblins
  5 hobgoblins
  3 quokkas
  3 frilled lizards
  8 kobolds
  8 rats
85 creatures vanquished.

Notes
Turn   | Place    | Note
-------+----------+-------------------------------------------
     0 | D:1      | tof the Minotaur Gladiator began the quest for the Orb.
     0 | D:1      | Reached XP level 1. HP: 18/18 MP: 0/0
   210 | D:1      | Reached skill level 1 in Armour
   210 | D:1      | Reached XP level 2. HP: 25/25 MP: 1/1
   295 | D:1      | Reached skill level 4 in Staves
   977 | D:2      | Reached XP level 3. HP: 16/30 MP: 2/2
  1112 | D:2      | Found a sacrificial altar of Ru.
  1132 | D:2      | Became a worshipper of Ru the Awakened
  1712 | D:3      | Reached XP level 4. HP: 30/37 MP: 3/3
  1908 | D:3      | Found a sparkling altar of Nemelex Xobeh.
  2028 | D:3      | Reached skill level 5 in Staves
  2041 | D:3      | Found a transporter.
  2066 | D:3      | Found a shattered altar of Ashenzari.
  2068 | D:3      | Noticed a phantom
  2103 | D:3      | Killed a phantom
  2103 | D:3      | Reached XP level 5. HP: 27/45 MP: 4/4
  2220 | D:3      | Gained mutation: You are somewhat inexperienced. (-2 XL) [Ru sacrifice]
  2220 | D:3      | Reached XP level 4. HP: 38/38 MP: 3/3
  2220 | D:3      | Reached XP level 3. HP: 31/31 MP: 2/2
  2220 | D:3      | Reached * piety under Ru
  2220 | D:3      | Reached ** piety under Ru
  2352 | D:3      | Reached XP level 4. HP: 38/38 MP: 3/3
  2361 | D:3      | Found a transporter.
  2624 | D:3      | Found a burning altar of Makhleb.
  2745 | D:4      | Reached XP level 5. HP: 45/45 MP: 4/4
  2997 | D:4      | Reached skill level 6 in Staves
  3111 | D:4      | Reached XP level 6. HP: 48/52 MP: 5/5
  3323 | D:4      | Found a staircase to the Ecumenical Temple.
  3622 | D:5      | Entered Level 5 of the Dungeon
  3625 | D:5      | Noticed Dowan
  3626 | D:5      | Noticed Duvessa
  3635 | D:5      | Killed Dowan
  3638 | D:5      | Succumbed to Duvessa's poison

Vault maps used:
D:1:      minmay_arrival_stair_chambers
D:2:      old_standard_altar
D:3:      gammafunk_wand_slinger, makhleb_grotto_becter,
          overflow_temple_1_default, evilmike_ruin_ashenzari,
          minmay_close_crescents
D:4:      minmay_temple_entry_statues_pillars, first_bread, abandoned_shop,
          minmay_box_of_dots
D:5:      gup_sewer_entry_pipe, uniq_duvessa

Skill      XL: |  1  2  3  4  5 |
---------------+----------------+-----
Armour         | 1 2 3 4 |  4.4
Staves         | 4 5 6 |  6.3
Fighting       | 3 |  3.9
Dodging        | 4 |  4.3
Throwing       | 3 |  3.3

Action                   |  1- 3 |  4- 6 || total
-------------------------+-------+-------++-------
Melee: Quarterstaff      |   101 |   142 ||   243
       Headbutt          |    12 |    25 ||    37
Invok: Sacrifice Experie |     1 |       ||     1
 Stab: Invisible         |       |     1 ||     1
  Eat: Chunk             |     3 |     5 ||     8
Armor: Chain mail        |    54 |    64 ||   118
Dodge: Dodged            |    47 |    50 ||    97

Table legend:
 A = Spawn XP
 B = Non-spawn XP
 C = Spawn XP percentage of total XP
 D = Spawn monster count
 E = Non-spawn monster count
 F = Spawn count percentage of total count
 G = Total turns spent on level
                    A         B        C        D         E        F      G
               +---------+---------+-------+---------+---------+-------+---------
         Total |      10 |     753 |   1.3 |       5 |      80 |   5.9 |  3638
               +---------+---------+-------+---------+---------+-------+---------
           D:1 |       3 |      37 |   7.5 |       2 |      19 |   9.5 |   964
           D:2 |       2 |      41 |   4.7 |       1 |      13 |   7.1 |   703
           D:3 |       2 |     335 |   0.6 |       1 |      31 |   3.1 |  1066
           D:4 |       3 |     268 |   1.1 |       1 |      16 |   5.9 |   889
           D:5 |       0 |      72 |   0.0 |       0 |       1 |   0.0 |    16
               +---------+---------+-------+---------+---------+-------+---------
